 Dungeon Crawl Stone Soup version 0.27-a0-124-g19cb506db8 (webtiles) character file.

Game seed: 5186698782967649496

37823 sahdkjhfkaj the Thaumaturge (level 13, -7/78 HPs)
             Began as a Deep Elf Air Elementalist on Jan 25, 2021.
             Was a High Priest of Sif Muna.
             Mangled by a boulder beetle (41 damage)
             ... on level 5 of the Lair of Beasts.
             The game lasted 00:30:07 (28515 turns).

sahdkjhfkaj the Thaumaturge (DEAE)                 Turns: 28515, Time: 00:30:08

Health: -7/78      AC:  8    Str: 11    XL:     13   Next: 60%
Magic:  16/32      EV: 18    Int: 26    God:    Sif Muna [*****.]
Gold:   868        SH:  5    Dex: 15    Spells: 26/38 levels left

rFire    + + .     SeeInvis +   a - +2 short sword (protect)
rCold    . . .     Faith    .   (no shield)
rNeg     . . .     Spirit   .   E - +1 leather armour of Gossoet {rF++ Slay-6}
rPois    .         Reflect  +   (no helmet)
rElec    .         Harm     .   (no cloak)
rCorr    .         Rampage  .   x - +2 pair of gloves
Will     +....                  k - +0 pair of boots
Stlth    ++++......             I - amulet of reflection
HPRegen  0.23/turn              m - ring of see invisible
MPRegen  0.23/turn              o - +6 ring of strength

@: swift, about to teleport, very quick
A: no striking features
a: Renounce Religion, Channel Magic, Forget Spell, Divine Exegesis


You were on level 5 of the Lair of Beasts.
You worshipped Sif Muna.
Sif Muna was extremely pleased with you.
You visited 2 branches of the dungeon, and saw 16 of its levels.

You collected 868 gold pieces.

Inventory:

Hand Weapons
 a - a +2 short sword of protection (weapon)
Armour
 k - a +0 pair of boots (worn)
 x - a +2 pair of gloves (worn)
 E - the +1 leather armour of Gossoet (worn) {rF++ Slay-6}
   (You found it on level 6 of the Dungeon)

   It affects your accuracy and damage with ranged weapons and melee attacks
   (-6).
   It greatly protects you from fire.
Jewellery
 m - a ring of see invisible (left hand)
 o - a +6 ring of strength (right hand)
 v - an uncursed ring of wizardry
 I - an amulet of reflection (around neck)
Wands
 i - a wand of acid (22)
 r - a wand of random effects (20)
 s - a wand of polymorph (21)
 C - a wand of flame (18)
 F - a wand of digging (7)
 N - a wand of iceblast (10)
Scrolls
 d - 8 scrolls of remove curse
 f - a scroll of identify
 g - 6 scrolls of immolation
 h - 2 scrolls of teleportation {!r}
 j - 2 scrolls of fear
 l - a scroll of amnesia
 u - 4 scrolls of enchant weapon
 A - 4 scrolls of enchant armour
 D - a scroll of magic mapping
 J - a scroll of blinking
 K - a scroll of torment
 L - a scroll of silence {!r}
 M - a scroll of brand weapon
Potions
 b - 6 potions of haste
 c - 3 potions of berserk rage {unknown}
 e - 2 potions of flight {unknown}
 n - a potion of mutation {unknown}
 p - 4 potions of brilliance
 q - 3 potions of lignification
 t - 3 potions of heal wounds
 w - 3 potions of might {unknown}
 y - 5 potions of curing
 z - a potion of degeneration {unknown}
 G - 2 potions of resistance {unknown}
 H - 4 potions of attraction {unknown}


   Skills:
 - Level 8.0 Fighting
 - Level 2.0 Short Blades
 - Level 10.0 Dodging
 - Level 10.0 Stealth
 - Level 4.0 Shields
 - Level 13.0 Spellcasting
 - Level 8.0 Conjurations
 - Level 3.0 Translocations
 - Level 2.5 Fire Magic
 - Level 10.0 Air Magic
 - Level 1.2 Poison Magic
 + Level 9.4 Invocations
 - Level 2.0 Evocations


You had 26 spell levels left.
You knew the following spells:

 Your Spells              Type           Power        Failure   Level
a - Shock                 Conj/Air       100%         1%          1
k - Swiftness             Air            62%          1%          2
w - Lightning Bolt        Conj/Air       29%          3%          5
z - Airstrike             Air            31%          1%          4

Your spell library contained the following spells:

 Spells                   Type           Power        Failure   Level
 Apportation              Tloc           64%          1%          1
 Corpse Rot               Necr/Air       N/A          1%          2
 Static Discharge         Conj/Air       59%          1%          3
 Stone Arrow              Conj/Erth      74%          2%          3
 Animate Skeleton         Necr           32%          4%          1
 Corona                   Hex            17%          4%          1
 Pain                     Necr           64%          4%          1
 Summon Small Mammal      Summ           64%          4%          1
 Ignite Poison            Fire/Tmut/Pois 23%          9%          3
 Call Canine Familiar     Summ           16%          13%         3
 Vampiric Draining        Necr           8%           13%         3
 Fireball                 Conj/Fire      22%          14%         5
 Animate Dead             Necr           8%           41%         4
 Summon Forest            Summ/Tloc      12%          54%         5
 Starburst                Conj/Fire      22%          61%         6
 Agony                    Necr           16%          77%         5
 Eringya's Noxious Bog    Tmut/Pois      10%          99%         6
 Hydra Form               Tmut           8%           100%        6
 Simulacrum               Ice/Necr       8%           100%        6
 Summon Hydra             Summ           8%           100%        7
 Borgnjor's Revivificati  Necr           8%           100%        8
 Ignition                 Fire           14%          100%        8
 Death's Door             Necr           8%           100%        9


Dungeon Overview and Level Annotations

Branches:
Dungeon (10/15)            Temple (0/1) D:7            Lair (6/6) D:9
  Swamp (0/4) Lair:3       Spider (0/4) Lair:3          Orc (0/2) D:9
  Slime: Lair:5-6

Altars:
Dithmenos
Elyvilon
Kikubaaqudgha
Makhleb
Nemelex Xobeh
Okawaru
Qazlal
Ru
Sif Muna
Trog
Uskayaw
Vehumet
Zin

Shops:
D:7 (

Portals:
Abyss: Lair:5

Annotations:
D:8 4 runed translucent doors and a two-headed ogre
Lair:5 1 transporter, Pooter's ghost, journeyman TrHu


Message History

Aiming: Airstrike (mildly dangerous; 1% risk of failure)
Press: ? - help, Dir - move target, f/p - boulder beetle
Aim: a boulder beetle (moderately wounded)
The air twists around and strikes the boulder beetle!
The boulder beetle is moderately wounded.
The boulder beetle hits you!!
The boulder beetle stops rolling and uncurls.
Casting: Airstrike (mildly dangerous; 1% risk of failure)
Confirm with . or Enter, or press ? or * to list all spells.
Okay, then.
Casting: Airstrike (mildly dangerous; 1% risk of failure)
Confirm with . or Enter, or press ? or * to list all spells.
You feel quick. The boulder beetle bites you!
The boulder beetle curls into a ball and begins rolling!
Really read
h - 3 scrolls of teleportation {!r}?
As you read the scroll of teleportation {!r}, it crumbles to dust.
You feel strangely unstable. The boulder beetle hits you!!!
Ouch! That really hurt!
You die...

#........ #......#
#.....# ..
###.....# ...
#......## ....
###...B## ##....
###....○##......
##.######B#......
##...##≈#@........
#...###≈#........#
#....#≈≈#........#
#.[...≈≈.....##..#
##....≈≈≈....#. ##
##..≈..≈≈........
#.....≈≈.........
#....≈≈≈..........
##..≈.≈≈..........


You could see a boulder beetle.

Vanquished Creatures
  Erolcha (D:9)
  8 hydras
  A catoblepas (Lair:3)
  A two-headed ogre (D:10)
  A death yak (Lair:2)
  A fire crab (Lair:3)
  A lindwurm (Lair:5)
  A moth of wrath (D:2)
  2 black mambas
  8 elephants
  2 torpor snails (Lair:3)
  Maggie (D:6)
  9 cane toads
  6 rime drakes
  11 komodo dragons
  Prince Ribbit (Lair:1)
  A hornet (Lair:3)
  A polar bear (Lair:1)
  13 blink frogs
  2 wyverns
  A vampire (D:10)
  A wraith (D:9)
  31 yaks
  Eustachio (D:5)
  5 vampire mosquitoes
  A basilisk (Lair:3)
  9 water moccasins
  4 orc warriors
  3 sky beasts
  4 black bears
  An eye of draining (D:8)
  3 ice beasts
  5 phantoms
  5 wolves
  7 ogres
  9 centaurs
  Blork the orc (D:4)
  A big kobold (D:8)
  25 bullfrogs
  A gnoll sergeant (D:5)
  A wyvern zombie (D:8)
  A wyvern skeleton (D:8)
  8 scorpions
  A wight (D:8)
  An electric eel (Lair:1)
  7 howler monkeys
  2 centaur zombies
  A jelly (D:2)
  A bullfrog zombie (D:10)
  6 hounds
  An orc priest (D:4)
  A bullfrog skeleton (D:4)
  A centaur skeleton (D:6)
  4 iguanas
  Jessica (D:2)
  Natasha (twice) (D:2)
  4 orc wizards
  7 worker ants
  A hell rat (Lair:3)
  A statue (D:9)
  A hound zombie (D:5)
  2 worker ant zombies (D:10)
  6 gnolls
  11 adders
  2 white imps
  2 ufetubi
  An ooze (D:5)
  2 worms (D:2)
  6 dart slugs
  5 leopard geckos
  25 orcs
  4 bats
  7 giant cockroaches
  14 goblins
  5 hobgoblins
  16 jackals
  6 kobolds
  2 quokkas (D:2)
  2 ball pythons
  10 frilled lizards
  A jackal skeleton (D:4)
  2 jackal zombies (D:5)
  A leopard gecko skeleton (D:4)
  14 rats
389 creatures vanquished.

Vanquished Creatures (others)
  8 bushes (Lair:3)
  28 fungi
  127 plants
163 creatures vanquished.

Grand Total: 552 creatures vanquished

Notes
Turn   | Place    | Note
-------+----------+-------------------------------------------
     0 | D:1      | sahdkjhfkaj the Deep Elf Air Elementalist began the quest
                  | for the Orb.
     0 | D:1      | Reached XP level 1. HP: 10/10 MP: 6/6
   248 | D:1      | Reached XP level 2. HP: 12/15 MP: 6/8
   807 | D:1      | Reached XP level 3. HP: 19/19 MP: 7/9
  1199 | D:1      | Learned a level 2 spell: Swiftness
  1763 | D:2      | Noticed a moth of wrath
  1764 | D:2      | Noticed Jessica
  1776 | D:2      | Killed Jessica
  1777 | D:2      | Reached skill level 1 in Fighting
  1777 | D:2      | Reached XP level 4. HP: 13/25 MP: 1/10
  1931 | D:2      | Learned a level 4 spell: Airstrike
  2656 | D:2      | Found a bloodstained altar of Trog.
  2748 | D:2      | Found a sacrificial altar of Ru.
  3518 | D:2      | Noticed Natasha
  3534 | D:2      | Killed Natasha
  3535 | D:2      | Reached skill level 4 in Spellcasting
  3535 | D:2      | Reached XP level 5. HP: 22/30 MP: 2/13
  3829 | D:2      | Noticed an ogre
  3886 | D:2      | Killed an ogre
  3887 | D:2      | Reached skill level 5 in Spellcasting
  4062 | D:2      | Noticed Natasha
  4064 | D:2      | Killed Natasha
  4065 | D:2      | Reached XP level 6. HP: 35/35 MP: 2/15
  4229 | D:2      | Killed a moth of wrath
  4230 | D:2      | Reached skill level 6 in Spellcasting
  4230 | D:2      | Reached skill level 5 in Air Magic
  4230 | D:2      | Reached XP level 7. HP: 40/40 MP: 0/18
  5680 | D:4      | Reached skill level 7 in Spellcasting
  6051 | D:4      | Found a shadowy altar of Dithmenos.
  6102 | D:4      | Reached XP level 8. HP: 44/44 MP: 2/21
  6565 | D:4      | Reached skill level 8 in Spellcasting
  6902 | D:5      | Entered Level 5 of the Dungeon
  7123 | D:5      | Reached skill level 9 in Spellcasting
  7195 | D:5      | Found a sparkling altar of Nemelex Xobeh.
  7690 | D:5      | Found an iron altar of Okawaru.
  8028 | D:5      | Noticed Eustachio
  8033 | D:5      | Killed Eustachio
  8033 | D:5      | Noticed Blork the orc
  8428 | D:4      | Killed Blork the orc
  9039 | D:6      | Reached XP level 9. HP: 48/48 MP: 15/24
  9351 | D:6      | Reached skill level 5 in Conjurations
  9896 | D:6      | Reached skill level 10 in Spellcasting
 10209 | D:6      | Got a warped leather armour
 10219 | D:6      | Identified the +1 leather armour of Gossoet {rF++ Slay-6}
                  | (You found it on level 6 of the Dungeon)
 10352 | D:6      | Found a shimmering blue altar of Sif Muna.
 10392 | D:6      | Became a worshipper of Sif Muna the Loreminder
 10520 | D:6      | Noticed Maggie
 10541 | D:6      | Killed Maggie
 10805 | D:7      | Reached skill level 10 in Air Magic
 10905 | D:7      | Found a hide-covered altar of Uskayaw.
 10906 | D:7      | Noticed a +0 dagger
 10906 | D:7      | Noticed a +0 hand axe
 10990 | D:7      | Found Nufof's Weapon Emporium.
 11544 | D:7      | Found a staircase to the Ecumenical Temple.
 11678 | D:7      | Reached skill level 5 in Dodging
 12089 | D:8      | Reached XP level 10. HP: 44/56 MP: 15/26
 12538 | D:8      | Found a glowing silver altar of Zin.
 12733 | D:8      | Found a white marble altar of Elyvilon.
 12759 | D:8      | Learned a level 5 spell: Lightning Bolt
 12956 | D:8      | Found a large runed translucent door.
 12956 | D:8      | Found a large runed translucent door.
 12959 | D:8      | Found a large runed translucent door.
 12959 | D:8      | Found a large runed translucent door.
 12960 | D:8      | Noticed a centaur warrior
 13251 | D:8      | Reached * piety under Sif Muna
 13588 | D:8      | Found a stormy altar of Qazlal.
 13863 | D:8      | Found an ancient bone altar of Kikubaaqudgha.
 14160 | D:9      | Learned a level 3 spell: Ignite Poison
 14377 | D:9      | Noticed a two-headed ogre
 14601 | D:9      | Found a staircase to the Orcish Mines.
 14626 | D:9      | Reached skill level 1 in Poison Magic
 14810 | D:9      | Found a burning altar of Makhleb.
 14851 | D:9      | Noticed Erolcha
 14855 | D:9      | Killed Erolcha
 14970 | D:9      | Found a staircase to the Lair.
 15190 | D:9      | Found a radiant altar of Vehumet.
 15342 | D:10     | Entered Level 10 of the Dungeon
 15539 | D:10     | Reached skill level 5 in Fighting
 15834 | D:10     | Reached XP level 11. HP: 34/63 MP: 2/27
 15986 | D:9      | Reached skill level 11 in Spellcasting
 16722 | D:10     | Reached ** piety under Sif Muna
 16921 | D:10     | Noticed a two-headed ogre
 16925 | D:10     | Killed a two-headed ogre
 17197 | Lair:1   | Entered Level 1 of the Lair of Beasts
 17800 | Lair:1   | Reached skill level 5 in Invocations
 17956 | Lair:1   | Noticed an eight-headed hydra
 17960 | Lair:1   | Killed an eight-headed hydra
 17961 | Lair:1   | Reached skill level 1 in Translocations
 18014 | Lair:1   | Noticed a six-headed hydra
 18018 | Lair:1   | Killed a six-headed hydra
 18040 | Lair:1   | Reached skill level 1 in Shields
 18712 | Lair:1   | Reached skill level 5 in Stealth
 18899 | Lair:1   | Noticed Prince Ribbit
 19317 | Lair:1   | Killed Prince Ribbit
 19318 | Lair:1   | Reached XP level 12. HP: 68/68 MP: 1/29
 19839 | Lair:1   | Reached *** piety under Sif Muna
 22473 | Lair:3   | Found a staircase to the Swamp.
 22490 | Lair:3   | Reached skill level 10 in Dodging
 22720 | Lair:3   | Noticed an eight-headed hydra
 22725 | Lair:3   | Killed an eight-headed hydra
 23267 | Lair:3   | Reached skill level 1 in Short Blades
 23473 | Lair:3   | Reached skill level 1 in Evocations
 23642 | Lair:3   | Reached **** piety under Sif Muna
 23740 | Lair:3   | Found a hole to the Spider Nest.
 24692 | Lair:3   | Noticed a catoblepas
 24702 | Lair:3   | Noticed a death yak
 24707 | Lair:3   | Killed a catoblepas
 24708 | Lair:3   | Reached skill level 10 in Stealth
 24708 | Lair:3   | Reached XP level 13. HP: 57/76 MP: 0/30
 26296 | Lair:3   | Reached ***** piety under Sif Muna
 26297 | Lair:3   | Reached skill level 12 in Spellcasting
 26997 | Lair:4   | Identified Sif Muna's Catalogue of Dark Creation (Sif Muna
                  | gifted it to you on level 4 of the Lair of Beasts)
 26997 | Lair:4   | Received a gift from Sif Muna
 27551 | Lair:4   | You fall into a shaft and drop 2 floors!
 27551 | Lair:6   | Entered Level 6 of the Lair of Beasts
 27653 | Lair:5   | Reached skill level 13 in Spellcasting
 27839 | Lair:5   | Identified the +7 dagger of Twilight {distort, Will+ Str+3
                  | Dex-4}
 27852 | Lair:5   | Found a transporter.
 27860 | Lair:5   | Found a one-way gate to the infinite horrors of the Abyss.
 27860 | Lair:5   | Noticed Pooter's ghost (journeyman TrHu)
 28515 | Lair:5   | Mangled by a boulder beetle

Illustrated notes

Levels and vault maps discovered:
D:1:      minmay_arrival_three_doors, layout_basic, chequers_mini_garden
D:2:      layout_basic, nicolae_ru_the_path_less_chosen, tgw_trog, uniq_jessica,
          uniq_natasha
D:3:      wander_river, layout_loops_ring
D:4:      minmay_diamond_boxcup, layout_loops_ring,
          nicolae_dithmenos_the_darkroom
D:5:      layout_loops_corners, lemuel_round_altar, old_standard_altar,
          chequers_serial_rivers_micro_a, sword_in_stone
D:6:      layout_loops_cross, nicolae_overflow_crystal_walls,
          corexii_corridor_pit, uniq_maggie
D:7:      layout_loops_ring, dancing_weapons_uskayaw, temple_hall, serial_shops,
          shop, hangedman_abyss_or_decor_passed, st_stairs_1
D:8:      layout_loops_ring, kennysheep_mini_moat,
          lemuel_coloured_pillars_altar, marbit_many_paths, elyvilon_altar_3,
          minmay_hollow_rounded_squares
D:9:      layout_gridville, vehumet_statue, makhleb_heckhound_becter,
          grunt_lair_entry_orc_guard_hut, orc_0_dummy, uniq_erolcha
D:10:     layout_basic
Lair:1:   layout_big_grid, infiniplex_staircase_pool, uniq_prince_ribbit2
Lair:2:   layout_gridlike
Lair:3:   nzn_winding_woodlands_large [nzn_winding_woodlands_5x5_three,
          nzn_winding_woodlands_5x15_pathside_ponds,
          nzn_winding_woodlands_5x5_checkerboard,
          nzn_winding_woodlands_center_lodge,
          nzn_winding_woodlands_15x15_boxy_spiral,
          nzn_winding_woodlands_center_pierced_h,
          nzn_winding_woodlands_5x5_open_star,
          nzn_winding_woodlands_5x15_concentric,
          nzn_winding_woodlands_hourglass], layout_small_grid,
          minmay_swamp_entry_swarm, nicolae_spider_entry_non_spiders,
          gauntlet_entry_generic, special_room, serial_forest,
          infiniplex_forest_lined_2, infiniplex_forest_end_2,
          infiniplex_forest_lined_1, infiniplex_forest_end_2,
          infiniplex_forest_side_room, infiniplex_forest_zigzag_1,
          infiniplex_forest_join, infiniplex_forest_clump_small
Lair:4:   layout_loops_ring
Lair:5:   layout_gridlike, gammafunk_ghost_abyssal_escape, serial_rivers,
          chequers_serial_rivers_small_3, chequers_serial_rivers_micro_d,
          chequers_serial_rivers_large_b, chequers_serial_rivers_small_b,
          chequers_serial_rivers_marsh, chequers_serial_rivers_micro_e
Lair:6:   minmay_lair_end_frog_pond, layout_long_grid,
          minmay_slime_entry_pillars, enter_volcano_3,
          chequers_serial_rivers_small_a, minivault_19

Skill      XL: |  1  2  3  4  5  6  7  8  9 10 11 12 13 |
---------------+----------------------------------------+-----
Stealth        | 3 4 7 10 | 10.0
Conjurations   | 2 3 4 6 8 |  8.0
Fighting       | 1 2 3 5 7 8 |  8.0
Spellcasting   | 4 5 6 7 9 10 11 13 | 13.0
Air Magic      | 5 6 8 10 | 10.0
Dodging        | 5 6 8 10 | 10.0
Invocations    | 3 6 8 9 |  9.4
Fire Magic     | 2 |  2.5
Poison Magic   | 1 |  1.2
Translocations | 3 |  3.0
Shields        | 4 |  4.0
Short Blades   | 2 |  2.0
Evocations     | 2 |  2.0

Action                   |  1- 3 |  4- 6 |  7- 9 | 10-12 | 13-15 || total
-------------------------+-------+-------+-------+-------+-------++-------
Melee: Unarmed           |       |     6 |       |       |       ||     6
       Dagger            |       |       |     7 |       |       ||     7
       Short sword       |       |       |    30 |   150 |    97 ||   277
 Cast: Shock             |    99 |    17 |     2 |     3 |     1 ||   122
       Airstrike         |       |    35 |   181 |   389 |    97 ||   702
       Lightning Bolt    |       |       |       |    20 |    24 ||    44
       Swiftness         |       |       |       |       |     1 ||     1
Evoke: Wand              |       |       |       |     2 |     1 ||     3
  Use: Scroll            |       |       |     6 |    16 |     5 ||    27
       Potion            |       |       |       |     3 |     2 ||     5
Armor: Robe              |     2 |     1 |     3 |       |       ||     6
       Leather armour    |       |       |    15 |    67 |    29 ||   111
Dodge: Dodged            |     7 |    14 |    35 |   230 |   103 ||   389
Block: Other             |       |       |       |    66 |    35 ||   101

Table legend: (Time is in decaauts)
 A = Elapsed time spent in this place.
 B = Non-inter-level travel time spent in this place.
 C = Inter-level travel time spent in this place.
 D = Time resting spent in this place.
 E = Time spent auto-exploring this place.
 F = Levels seen in this place.
 G = Mean time per level.
                   A        B        C        D        E       F      G
               +--------+--------+--------+--------+--------+-----+--------+
         Total |  28585 |  27820 |    765 |   5319 |  19239 |  16 | 1786.6 |
       Dungeon |  17681 |  17137 |    544 |   2113 |  13409 |  10 | 1768.1 |
          Lair |  10904 |  10684 |    220 |   3206 |   5830 |   6 | 1817.3 |
               +--------+--------+--------+--------+--------+-----+--------+

Top non-repeatable levels by time:
  Lair:3: 4461 daAuts
  Lair:1: 3164 daAuts
     D:2: 2753 daAuts
     D:8: 2493 daAuts
  Lair:2: 2191 daAuts
     D:4: 1800 daAuts
     D:9: 1715 daAuts
     D:1: 1711 daAuts
     D:5: 1697 daAuts
     D:6: 1666 daAuts
    D:10: 1543 daAuts
     D:7: 1217 daAuts
     D:3: 1082 daAuts
  Lair:5: 958 daAuts
  Lair:4: 122 daAuts
